 Dungeon Crawl Stone Soup version 0.31-a0-1112-ga3593d9213 (webtiles) character file.

Game seed: 6213900004246759247

277 Descartes the Ducker (level 6, -10/25 HPs)
             Began as a Felid Shapeshifter on Dec 4, 2023.
             Mangled by an iguana (13 damage)
             ... on level 4 of the Dungeon.
             The game lasted 00:07:11 (3296 turns).

Descartes the Ducker (Felid Shapeshifter)           Turns: 3296, Time: 00:07:12

Health: -10/25     AC:  2    Str: 12    XL:     6   Next: 4%
Magic:  7/7        EV: 20    Int: 12    God:
Gold:   179        SH:  0    Dex: 15    Spells: 5/5 levels left
                                        Lives:  0   Deaths: 2

rFire   . .          .
                       - Unarmed
rCold   . . .        (shield unavailable)
rNeg    . . .        (body armour unavailable)
rPois   .            (helmet unavailable)
rElec   .            (cloak unavailable)
rCorr   .            (gloves unavailable)
SInv    +            (boots unavailable)
Will    .....        (no amulet)
Stlth   +            (no ring)
HPRegen 0.24/turn    (no ring)
MPRegen 0.10/turn

%: no passive effects
@: beast-form, quick
A: beast (slay +3), very small, claws 1, fangs 3, see invisible, speed 1, shaggy
fur 2, stealthy paws, no weapons or thrown items, no armour, multi-lived
a: Begin Untransformation


You were on level 4 of the Dungeon.
You were a hulking beast.
You visited 1 branch of the dungeon, and saw 4 of its levels.

You collected 179 gold pieces.

Inventory:

Jewellery
 p - a ring of willpower
Talismans
 b - a beast talisman
 c - a flux talisman
Wands
 i - a wand of flame (14)
Scrolls
 f - a scroll of butterflies {unknown}
 h - a scroll of teleportation {unknown}
 j - a scroll of fog {unknown}
 l - a scroll of acquirement {unknown}
 m - 2 scrolls of fear {unknown}
 n - 2 scrolls of amnesia {unknown}
 q - a scroll of enchant weapon {unknown}
Potions
 a - a potion of lignification
 d - 4 potions of degeneration {unknown}
 e - a potion of curing {unknown}
 g - a potion of mutation {unknown}
 k - a potion of resistance {unknown}
 o - a potion of heal wounds {unknown}


   Skills:
 - Level 1.0 Fighting
 + Level 6.2 Dodging
 - Level 3.0 Unarmed Combat
 + Level 5.4 Shapeshifting


You had 5 spell levels left.
You didn't know any spells.
Your spell library contained the following spells:

 Spells                   Type           Power      Damage    Failure   Level
 Freeze                   Ice            0%         1d3       32%         1
 Summon Small Mammal      Summ           0%         N/A       32%         1
 Call Canine Familiar     Summ           0%         N/A       69%         3
 Frozen Ramparts          Ice            0%         1d1       69%         3
 Hailstorm                Conj/Ice       0%         3d3       69%         3
 Stone Arrow              Conj/Erth      0%         3d7       69%         3
 Summon Guardian Golem    Hex/Summ       0%         N/A       69%         3
 Summon Ice Beast         Ice/Summ       0%         N/A       97%         4
 Simulacrum               Ice/Necr       0%         N/A       100%        6
 Lehudib's Crystal Spear  Conj/Erth      0%         10d2      100%        8
 Animate Armour           Summ/Erth      Unusable   N/A       N/A         4

Dungeon Overview and Level Annotations

Branches:
Dungeon (4/15)
 Temple: D:4-7

Altars:

Shops:
D:3 [

Annotations:
D:4 Dowan, Duvessa, Robin


Innate Abilities, Weirdness & Mutations

You are a hulking beast.
Your limbs bulge with bestial killing power. (Slay +3)
You have sharp claws.
You have razor-sharp teeth.
You have supernaturally acute eyesight. (SInv)
You cover ground quickly. (Speed+)
You are covered in thick fur. (AC +2)
Your paws help you pounce on unaware monsters.
You are incapable of wielding weapons or throwing items.
You cannot wear armour.
You gain extra lives every three experience levels.


Message History

Things that are here:
a +0 dagger; a +0 ring mail; an orc corpse
m - 2 scrolls labelled POADONWIUN (gained 1)
You see here a +0 ring mail.
Things that are here:
a +0 dagger; a +0 ring mail; an orc corpse An iguana comes into view.
The helpless iguana fails to defend itself.
You scratch the iguana but do no damage.
The iguana bites you!
You scratch the iguana. Your bite misses the iguana.
The iguana is lightly wounded.
The iguana closely misses you.
You barely miss the iguana.
The iguana is lightly wounded.
The iguana barely misses you.
You claw the iguana!
The iguana is severely wounded.
The iguana closely misses you.
You scratch the iguana. You bite the iguana.
The iguana is almost dead.
The iguana bites you!
Ouch! That really hurt!
* * * LOW HITPOINT WARNING * * *
You are too injured to fight recklessly!
You are too injured to fight recklessly!
You are too injured to fight recklessly!
You are too injured to fight recklessly!
An iguana is nearby!
You scratch the iguana but do no damage.
The iguana is almost dead.
Unknown command.
You closely miss the iguana.
The iguana is almost dead.
The iguana barely misses you.
You scratch the iguana but do no damage.
The iguana is almost dead.
The iguana bites you!
Ouch! That really hurt!
You die...

♣. ♣... ♣♣♣ .
..♣♣ ♣. ...♣
.♣ ♣♣♣ ...♣♣♣
.♣ ♣.. ♣....♣
♣♣. ♣♣.♣
..♣♣♣♣
♣..♣♣...♣ .♣♣
♣lh..♣ ..♣♣♣
♣♣♣.♣♣ ♣♣♣♣♣
....♣♣♣♣ ♣.♣♣♣
♣♣...♣♣
♣♣.....♣♣♣
♣♣..♣ ♣..[..♣
♣♣♣♣....♣♣
♣♣.♣ ♣♣♣....)♣
♣♣♣...♣♣♣♣
♣♣.♣ ♣.†)...♣♣
♣♣♣....♣♣♣♣.♣♣
♣♣.♣♣.♣.♣
♣♣♣♣.....♣♣
♣♣.♣♣♣♣♣♣
♣.†.♣♣♣♣
♣♣♣.♣♣


You could see an iguana.

Vanquished Creatures
  2 hounds
  Natasha (twice) (D:3)
  4 gnolls
  6 adders
  3 worms
  A dart slug (D:1)
  2 orcs
  5 ball pythons
  8 endoplasms
  4 giant cockroaches
  10 goblins
  A hobgoblin (D:2)
  2 quokkas (D:2)
  2 bats (D:1)
  2 frilled lizards (D:2)
  8 kobolds
  5 rats
67 creatures vanquished.

Notes
Turn   | Place    | Note
-------+----------+-------------------------------------------
     0 | D:1      | Descartes the Felid Shapeshifter began the quest for the
                  | Orb.
     0 | D:1      | Reached XP level 1. HP: 9/9 MP: 2/2
   217 | D:1      | Reached skill level 3 in Dodging
   292 | D:1      | Reached XP level 2. HP: 12/12 MP: 3/3
   681 | D:1      | Reached XP level 3. HP: 15/15 MP: 4/4
   955 | D:2      | You fall into a shaft and drop 2 floors!
   956 | D:4      | Noticed Duvessa
   988 | D:4      | Reached skill level 4 in Dodging
  1016 | D:4      | Noticed Dowan
  1049 | D:4      | Noticed Robin
  1062 | D:4      | Slain by a goblin
  1142 | D:2      | Identified the +1 falchion of Uskayaw's Condemnation
                  | {freeze, Stlth+}
  1319 | D:2      | Reached XP level 4. HP: 19/19 MP: 5/5
  1494 | D:2      | Reached skill level 5 in Dodging
  2205 | D:3      | Found a faded altar of an unknown god.
  2205 | D:3      | Noticed Natasha
  2215 | D:3      | Slain by Natasha
  2252 | D:3      | Reached XP level 5. HP: 10/22 MP: 6/6
  2328 | D:3      | Killed Natasha
  2329 | D:3      | Reached skill level 5 in Shapeshifting
  2432 | D:3      | Found Ydenn's Antique Armour Shoppe.
  2724 | D:3      | Noticed Natasha
  2732 | D:3      | Killed Natasha
  3171 | D:4      | Reached skill level 6 in Dodging
  3196 | D:4      | Gained mutation: You are covered in thick fur. (AC +2)
                  | [Felid growth]
  3196 | D:4      | Reached XP level 6. HP: 17/25 MP: 7/7
  3296 | D:4      | Mangled by an iguana

Illustrated notes

Levels and vault maps discovered:
D:1:      elethiomel_arrival_maze, layout_loops_ring
D:2:      layout_basic, serial_co_window_serial, co_window_paths_a,
          co_window_corner_a, co_window_paths_a, co_window_paths_b,
          co_window_paths_b, co_window_paths_b, co_window_paths_b,
          co_window_corner_a, co_window_of_opportunity_a, co_window_broadway_a,
          co_window_unsneaky_path_c, co_window_paths_c,
          co_window_of_opportunity_b, co_window_broadway_a, co_window_2corner,
          glass_columns_a, glass_columns_a
D:3:      layout_basic, serial_shops, nicolae_shop_overgrown_old_shop,
          basic_ecumenical_altar, uniq_natasha
D:4:      kb_forest_paths, layout_layer_cave, nicolae_goblin_pals, uniq_ijyb,
          uniq_duvessa

Skill      XL: |  1  2  3  4  5 |
---------------+----------------+-----
Dodging        | 3 4 5 6 |  6.2
Shapeshifting  | 4 5 |  5.4
Fighting       | |  1.0
Unarmed Combat | |  3.0

Action                     |  1- 3 |  4- 6 || total
---------------------------+-------+-------++-------
  Melee: Unarmed           |    71 |    89 ||   160
         Bite              |     3 |    10 ||    13
         Punch             |     1 |     1 ||     2
   Stab: Sleeping          |     3 |     1 ||     4
 Armour: Skin              |    25 |    26 ||    51
  Dodge: Dodged            |    50 |    73 ||   123

Table legend: (Time is in decaauts)
 A = Elapsed time spent in this place.
 B = Non-inter-level travel time spent in this place.
 C = Inter-level travel time spent in this place.
 D = Time resting spent in this place.
 E = Time spent auto-exploring this place.
 F = Levels seen in this place.
 G = Mean time per level.
                   A        B        C        D        E       F      G
               +--------+--------+--------+--------+--------+-----+--------+
         Total |   2780 |   2740 |     40 |      0 |   2202 |   4 |  695.0 |
       Dungeon |   2780 |   2740 |     40 |      0 |   2202 |   4 |  695.0 |
               +--------+--------+--------+--------+--------+-----+--------+

Top non-repeatable levels by time:
     D:2: 860 daAuts
     D:1: 794 daAuts
     D:3: 735 daAuts
     D:4: 389 daAuts
